Map: 赛博森林-天梯版

Players

INnoVation - Winner!

  • Race: Terran Terran
  • League: Diamond

RAIL

  • Race: Protoss Protoss

Event: WESG 2018 Grand Finals

VOD

Have the link to the VOD?

Description

Time

  • Played on: March 14, 2019, 3:08 a.m.
  • Length: 17:20

All games in this series

Show
View Real Time Build Order
Export as new Build Order

INnoVation Terran - Winner!

Build Orders: Reaper Expand 

Get SALT Encoding   

  12  0:00  SCV  
  13  0:12  SCV  
  14  0:17  Supply Depot  
  14  0:24  SCV  
  15  0:38  SCV  
  15  0:40  Barracks  
  16  0:43  Refinery  
  16  0:50  SCV  
  17  1:03  SCV  
  18  1:15  SCV  
  19  1:26  Reaper  
  19  1:27  Orbital Command  
  20  1:41  Command Center  
  20  1:52  Supply Depot  
  20  1:53  SCV  
  21  1:59  Barracks Reactor  
  21  2:05  Bunker  
  21  2:07  SCV  
  22  2:12  Refinery  
  22  2:19  SCV  
  23  2:26  Factory  
  23  2:32  SCV  
  23  2:35  Marine x2  
  26  2:44  SCV  
  26  2:53  Marine x2  
  27  2:59  SCV  
  27  3:11  Factory Tech Lab, Marine x2, SCV  
  28  3:20  Starport  
  28  3:23  SCV  
  29  3:31  Orbital Command  
  29  3:32  Marine x2  
  29  3:34  Cyclone  
  34  3:36  SCV  
  35  3:48  SCV  
  35  3:50  Marine x2  
  38  3:57  Starport Tech Lab, SCV  
  38  4:00  SCV  
  38  4:01  Supply Depot  
  40  4:09  Marine, SCV  
  41  4:10  Marine  
  41  4:12  SCV  
  41  4:15  Raven  
  46  4:22  SCV  
  47  4:24  Supply Depot  
  47  4:25  SCV  
  47  4:27  Marine  
  47  4:31  Barracks  
  50  4:32  Siege Tank  
  50  4:35  SCV  
  50  4:37  Supply Depot, SCV  
  54  4:44  Barracks  
  54  4:48  Refinery, SCV  
  54  4:49  SCV  
  54  4:51  Marine x2  
  58  5:01  SCV x2  
  58  5:04  Siege Tank  
  58  5:05  Supply Depot  
  63  5:09  Marine x2  
  63  5:13  Engineering Bay  
  65  5:15  SCV x2  
  65  5:20  Starport Tech Lab  
  67  5:25  Stimpack  
  67  5:26  Marine  
  67  5:27  Marine  
  67  5:28  Supply Depot  
  69  5:29  SCV  
  69  5:30  SCV  
  71  5:36  Refinery  
  71  5:43  Terran Infantry Weapons Level 1, SCV x2  
  71  5:46  Starport Reactor  
  73  5:51  Combat Shield, Supply Depot  
  73  5:56  SCV x2  
  73  5:57  Marine x2  
  75  6:00  Marauder x2  
  81  6:08  SCV x2  
  81  6:09  Supply Depot  
  81  6:10  Supply Depot  
  83  6:12  Siege Tank  
  86  6:24  Command Center  
  86  6:26  Medivac x2  
  86  6:31  Supply Depot  
  89  6:34  SCV x2  
  91  6:42  Barracks  
  91  6:44  Barracks  
  91  6:45  Marauder x2  
  95  6:49  Siege Tank  
  95  6:51  Marine x2  
  95  6:53  SCV  
  101  6:54  SCV  
  101  7:01  Medivac x2  
  104  7:06  Supply Depot  
  106  7:09  Marauder x2, Marine x2  
  106  7:12  SCV x2  
  114  7:22  Supply Depot  
  114  7:25  Siege Tank  
  114  7:28  Missile Turret  
  117  7:31  Marauder, Liberator  
  117  7:32  Barracks Reactor, Marauder, Missile Turret  
  117  7:36  Marine x2  
  123  7:38  Barracks Tech Lab  
  125  7:44  Orbital Command  
  126  7:51  Terran Infantry Armor Level 1  
  126  7:57  Missile Turret  
  126  7:59  Marauder x2  
  126  8:03  Orbital Command  
  130  8:12  Marauder  
  132  8:15  Marine x3  
  132  8:16  Marine  
  132  8:18  Concussive Shells  
  132  8:19  Siege Tank  
  139  8:21  Marauder x2  
  139  8:23  SCV x2  
  145  8:35  SCV x3  
  145  8:37  Refinery  
  145  8:38  Refinery  
  148  8:49  Supply Depot  
  148  8:51  Supply Depot  
  148  8:53  SCV x2, Liberator, Supply Depot  
  148  8:55  Liberator  
  149  9:01  Armory, Engineering Bay  
  149  9:10  SCV  
  149  9:12  SCV x2  
  161  9:22  Fusion Core  
  159  9:25  Starport  
  157  9:32  Command Center  
  157  9:36  Missile Turret  
  156  9:50  Terran Infantry Weapons Level 2, Terran Infantry Armor Level 2  
  156  9:51  Terran Ship Weapons Level 1  
  156  9:57  Marauder x3  
  156  9:59  Marine x2  
  163  10:00  Marine x2  
  163  10:04  Supply Depot x2  
  163  10:05  Liberator x2  
  163  10:06  Liberator  
  166  10:39  Marauder x3  
  166  10:40  Marine x3  
  159  10:50  SCV  
  159  10:51  SCV x2  
  159  10:52  Advanced Ballistics  
  161  11:03  Marauder x3, Marine x3, SCV x3  
  159  11:12  Planetary Fortress  
  159  11:13  Liberator x3  
  159  11:14  Refinery  
  159  11:15  Refinery, SCV x3  
  159  11:17  Sensor Tower x2  
  162  11:27  SCV x3  
  162  11:30  Factory Reactor  
  174  11:38  Marauder x2  
  174  11:39  Marauder  
  180  11:40  Marine x2  
  182  11:49  Missile Turret  
  182  11:52  Terran Ship Weapons Level 2  
  182  11:59  Marine x3, Liberator x2  
  182  12:00  Marauder x3  
  167  12:13  Marine  
  130  12:17  Marine x2, SCV x2  
  130  12:21  Marauder x3  
  137  12:32  Marine x2  
  137  12:35  Marine  
  121  12:42  Marauder  
  121  12:43  Marauder x2  
  121  12:51  Liberator x2  
  119  12:57  Marine x4  
  113  13:02  SCV x2  
  113  13:04  Marauder x3  
  130  13:14  SCV x2  
  130  13:16  Orbital Command, Command Center  
  129  13:23  Medivac x2  
  129  13:26  SCV  
  129  13:27  SCV  
  135  13:32  Marauder x2  
  135  13:33  Marauder, Marine x4  
  145  13:34  Liberator x2  
  145  13:38  SCV, Liberator x2  
  145  13:39  SCV  
  147  13:43  SCV  
  148  13:51  SCV  
  161  14:01  Marauder x2  
  165  14:05  Marauder  
  165  14:09  SCV x3  
  170  14:10  Terran Infantry Weapons Level 3  
  160  14:19  Liberator  
  160  14:20  Marine, Liberator  
  160  14:21  Marine x2, Liberator  
  150  14:25  Liberator  
  150  14:29  Marauder x3  
  134  14:36  Marine  
  129  14:38  Marine x3  
  121  14:45  SCV  
  121  14:46  SCV x2  
  105  14:56  Marauder x3, Marine x3  
  105  14:57  SCV  
  105  14:58  SCV x3  
  105  14:59  Refinery  
  116  15:06  Liberator  
  116  15:10  Liberator  
  116  15:14  Marine x2, Liberator  
  116  15:15  Marine x2  
  116  15:17  Marauder  
  116  15:18  Marauder x2  
  116  15:19  Missile Turret  
  116  15:20  Liberator  
  138  15:46  Marauder x3  
  138  15:49  Marine x3  
  146  15:50  Marine  
  141  16:01  SCV x4  
  121  16:08  Medivac  
  121  16:10  Medivac  
  122  16:14  Medivac, SCV  
  125  16:19  Sensor Tower  
  125  16:20  Medivac, SCV  
  128  16:33  SCV x3  
  128  16:37  Orbital Command  
Show
View Real Time Build Order
Export as new Build Order

RAIL Protoss 

Build Orders: 1 Gate Expand 

Get SALT Encoding   

  12  0:00  Probe  
  13  0:13  Pylon  
  13  0:17  Probe  
  14  0:31  Probe, Gateway  
  15  0:39  Probe  
  15  0:45  Assimilator  
  15  0:49  Probe  
  17  1:01  Probe  
  18  1:13  Probe  
  19  1:19  Cybernetics Core  
  20  1:35  Nexus  
  20  1:37  Probe  
  20  1:41  Assimilator  
  20  1:45  Adept  
  20  1:48  Pylon  
  20  1:57  Probe  
  20  2:00  Warp Gate  
  23  2:05  Stalker  
  23  2:15  Shield Battery  
  25  2:18  Probe  
  26  2:31  Probe  
  26  2:35  Stalker  
  29  2:43  Probe  
  30  2:52  Probe  
  30  2:55  Probe  
  32  3:10  Probe  
  32  3:11  Probe  
  33  3:15  Gateway x2  
  33  3:18  Probe  
  33  3:19  Probe  
  30  3:24  Twilight Council  
  30  3:27  Probe x2  
  34  3:38  Probe  
  34  3:39  Probe  
  36  3:47  Stalker, Probe  
  36  3:48  Charge  
  38  3:50  Probe  
  38  3:52  Robotics Facility  
  38  3:54  Pylon  
  38  3:55  Probe  
  40  3:58  Pylon  
  41  4:04  Probe  
  41  4:06  Probe  
  43  4:11  Stalker  
  43  4:13  Sentry  
  47  4:27  Nexus  
  47  4:31  Pylon  
  47  4:34  Observer  
  47  4:38  Gateway  
  47  4:41  Gateway  
  48  4:45  Gateway  
  48  4:51  Warp Prism  
  48  4:54  Probe  
  48  4:55  Probe  
  52  5:06  Probe  
  53  5:08  Zealot  
  53  5:09  Pylon  
  53  5:11  Zealot, Blink  
  53  5:13  Probe  
  58  5:14  Pylon  
  58  5:18  Zealot, Probe  
  61  5:26  Pylon, Probe  
  62  5:30  Zealot  
  64  5:43  Probe x2  
  64  5:44  Probe  
  64  5:48  Forge  
  64  5:49  Forge  
  67  5:52  Zealot  
  67  5:53  Zealot  
  67  5:54  Zealot  
  67  5:55  Probe x2  
  75  5:59  Sentry, Zealot  
  75  6:01  Protoss Ground Weapons Level 1  
  75  6:02  Probe, Protoss Ground Armor Level 1  
  75  6:03  Zealot  
  82  6:07  Pylon  
  82  6:12  Probe  
  82  6:16  Probe  
  84  6:19  Probe  
  84  6:21  Pylon  
  84  6:24  Zealot x3  
  91  6:28  Pylon  
  91  6:33  Zealot x2  
  91  6:34  Zealot  
  97  6:40  Pylon  
  97  6:42  Pylon  
  97  6:46  Zealot  
  97  6:47  Zealot x2  
  103  6:54  Gateway  
  103  6:55  Gateway  
  103  7:10  Stalker  
  103  7:11  Stalker x3  
  103  7:13  Zealot x2  
  115  7:18  Pylon  
  115  7:19  Robotics Bay  
  115  7:22  Pylon  
  115  7:24  Pylon  
  115  7:29  Assimilator  
  115  7:30  Probe x2  
  115  7:31  Assimilator  
  115  7:33  Stalker  
  115  7:34  Stalker x2  
  123  7:40  Shield Battery  
  123  7:45  Pylon  
  123  7:48  Probe x3  
  126  7:58  Colossus, Stalker x3, Observer  
  128  8:00  Zealot x3  
  128  8:03  Pylon  
  138  8:09  Probe  
  145  8:13  Protoss Ground Weapons Level 2  
  145  8:20  Zealot x2  
  145  8:21  Zealot, Protoss Ground Armor Level 2  
  145  8:22  Zealot  
  145  8:25  Extended Thermal Lance  
  153  8:28  Assimilator  
  153  8:31  Assimilator  
  153  8:34  Pylon  
  153  8:50  Pylon  
  153  8:57  Observer  
  153  9:03  Zealot x5  
  161  9:10  Colossus  
  167  9:25  Stalker x4  
  175  9:36  Nexus  
  175  9:37  Pylon  
  175  9:41  Stalker, Zealot x3  
  182  9:46  Colossus  
  180  9:57  Stalker, Zealot x3  
  188  10:02  Pylon  
  194  10:07  Stalker  
  192  10:22  Zealot x2  
  192  10:23  Zealot x4  
  192  10:24  Protoss Ground Weapons Level 3  
  188  10:29  Zealot  
  188  10:34  Protoss Ground Armor Level 3  
  174  10:35  Zealot  
  174  10:42  Probe x2  
  159  10:49  Stalker  
  161  10:51  Stalker, Zealot x2, Pylon  
  161  10:56  Pylon  
  165  10:59  Probe x2  
  165  11:00  Probe  
  165  11:01  Observer  
  161  11:05  Zealot  
  160  11:14  Stalker x2  
  160  11:15  Stalker  
  160  11:18  Stalker x2  
  170  11:25  Stalker x3  
  176  11:37  Stalker  
  176  11:38  Stalker x2  
  182  11:44  Stalker, Zealot  
  186  11:49  Zealot  
  186  11:50  Zealot x2  
  186  11:52  Observer  
  193  12:02  Pylon  
  145  12:14  Sentry, Zealot x2  
  145  12:15  Zealot x5  
  129  12:40  Stalker, Zealot  
  129  12:41  Zealot x2  
  129  12:42  Stalker, Zealot x2  
  127  12:46  Sentry  
  127  12:48  Templar Archives  
  123  13:01  Immortal  
  123  13:03  Stalker x2, Sentry  
  131  13:07  Zealot  
  133  13:17  Zealot x2  
  137  13:24  High Templar x4  
  137  13:26  High Templar  
  147  13:28  High Templar, Archon  
  147  13:29  Archon  
  147  13:31  High Templar  
  147  13:32  Archon  
  151  13:35  Nexus  
  151  13:37  High Templar  
  153  13:41  Archon  
  153  13:46  Stalker  
  155  13:51  Stalker  
  155  13:52  Stalker  
  159  13:57  Stalker  
  159  13:58  Zealot  
  159  14:00  Stalker  
  165  14:04  Stalker  
  167  14:10  Zealot  
  125  14:25  Stalker x3  
  125  14:26  Stalker  
  119  14:36  High Templar  
  119  14:37  Stalker, High Templar  
  119  14:39  Sentry  
  119  14:41  Archon  
  95  14:56  Stalker  
  95  14:58  Zealot x3  
  95  15:09  High Templar  
  95  15:10  High Templar  
  95  15:11  Stalker, Zealot  
  95  15:14  Archon  
  103  15:17  Sentry  
  103  15:18  Stalker  
  107  15:22  Zealot  
  107  15:26  Zealot  
  111  15:32  Zealot  
  111  15:35  Stalker  
  115  15:38  Zealot, High Templar  
  115  15:39  High Templar  
  121  15:43  Archon  
  121  15:44  Stalker  
  121  15:47  Stalker  
  121  15:49  Zealot  
  75  16:10  Sentry, Assimilator, Zealot x3  
  75  16:11  Zealot, Assimilator  
  81  16:14  High Templar x2  
  81  16:15  Zealot  
  87  16:18  Archon  
  87  16:33  High Templar x2, Zealot x3  
  87  16:38  Archon  
  97  16:40  Stalker  
  98  16:47  Stalker x2  
  102  17:02  Stalker x3  
  102  17:03  Zealot  
  110  17:08  Stalker  
Tags
 
Add a new tag
Caveats
  • Supply blocks, unpowered buildings, or Contaminate may cause inaccurate times.
  • Supply counts are checked every 10 seconds.